 Dungeon Crawl Stone Soup version 0.19-a0-1019-g9c6a58d (webtiles) character file.

55 Etesian the Insei (level 3, 19/29 HPs)
             Began as a Vampire Monk on July 26, 2016.
             Quit the game on level 1 of the Dungeon.
             The game lasted 00:05:09 (1927 turns).

Etesian the Insei (Vampire Monk)                    Turns: 1927, Time: 00:05:10

Health: 19/29      AC:  5    Str: 10    XL:     3   Next: 67%
Magic:  3/3        EV: 12    Int: 12    God:
Gold:   125        SH:  0    Dex: 17    Spells: 0 memorised, 2 levels left

rFire  . . .     SeeInvis +       - Unarmed
rCold  + + .     Gourm    .     j - +0 ring mail
rNeg   + + +     Faith    .     (no shield)
rPois  +         Spirit   .     (no helmet)
rElec  .         Dismiss  .     (no cloak)
rCorr  .         Reflect  .     (no gloves)
SustAt .         Harm     .     (no boots)
MR     .....                    (no amulet)
Stlth  ++........               (no ring)
                                (no ring)

@: regenerating slowly, not resistant to hostile enchantments, unstealthy
A: fangs 3, see invisible, unbreathing
a: Bat Form


You were on level 1 of the Dungeon.
You were near bloodless.

You visited 1 branch of the dungeon, and saw 2 of its levels.

You collected 125 gold pieces.

Inventory:

Missiles
 f - 5 javelins (quivered)
Armour
 j - a +0 ring mail (worn)
Scrolls
 a - a scroll of fog {unknown}
 c - 2 scrolls of recharging
 d - 3 scrolls of identify {unknown}
 g - a scroll of enchant armour {unknown}
 h - a scroll of remove curse {unknown}
 i - a scroll of blinking {unknown}
 l - a scroll of teleportation {unknown}
 n - a scroll of fear {unknown}
Potions
 b - 13 potions of blood
 e - 2 potions of agility {unknown}
 k - a potion of beneficial mutation {unknown}
 m - a potion of might {unknown}


   Skills:
 + Level 3.1 Fighting
 + Level 1.0 Armour
 + Level 3.7 Dodging
 - Level 3.0 Stealth
 * Level 4.1 Unarmed Combat


You had 2 spell levels left.
You didn't know any spells.

Dungeon Overview and Level Annotations

Branches:
Dungeon (2/15)

Altars:
Sif Muna


Innate Abilities, Weirdness & Mutations

You heal slowly.
You have razor-sharp teeth.
You have supernaturally acute eyesight. (SInv)
You can survive without breathing.


Message History

You completely miss the dart slug.
The dart slug is heavily wounded.
You hit the dart slug.
You kill the dart slug!
No target in view!
No target in view!
No target in view!
No target in view!
No target in view!
No target in view!
No target in view!
No target in view!
No target in view!
(D) Dungeon
Where to? (Enter - D:1 @ (x,y), ? - help)
You see here a dart slug corpse.
There is a stone staircase leading down here.
You start resting.
An ogre comes into view. It is wielding a giant spiked club.
Are you sure you want to abandon this character and quit the game? (Confirm with "yes".)

###..............#..
#.............)..#..
#.#..............#..
#.#.................
#.#..............##.
#########'#.....#######.....
#...............# #####.
#...............########....
#..........@............†##.
#.......#'#.###........#....
#.......#.#............##.##
#.......#.#.................
#.......#.#............##.##
####...##.#.#.....####......
#......#.#.....#.##......
#...####.#....O#.##......
#........#.....#.........


You could see an ogre (wandering).

Vanquished Creatures
  A gnoll (D:1)
  An ooze (D:2)
  A worm (D:2)
  3 dart slugs
  A giant gecko (D:1)
  3 giant cockroaches
  A goblin (D:2)
  4 hobgoblins (D:1)
  3 jackals (D:1)
  2 quokkas (D:2)
  4 bats (D:1)
  2 giant newts (D:2)
  A kobold (D:1)
  4 rats
  2 toadstools (D:1)
33 creatures vanquished.

Vanquished Creatures (others)
  2 toadstools (D:1)
2 creatures vanquished.

Grand Total: 35 creatures vanquished

Notes
Turn   | Place    | Note
-------+----------+-------------------------------------------
     0 | D:1      | Etesian the Vampire Monk began the quest for the Orb.
     0 | D:1      | Reached XP level 1. HP: 17/17 MP: 1/1
   560 | D:1      | Reached XP level 2. HP: 23/23 MP: 2/2
  1096 | D:2      | Found a deep blue altar of Sif Muna.
  1198 | D:1      | Reached skill level 4 in Unarmed Combat
  1198 | D:1      | Reached XP level 3. HP: 4/28 MP: 3/3
  1789 | D:2      | Reached skill level 1 in Armour
  1927 | D:1      | Noticed an ogre
  1927 | D:1      | Quit the game

Vault maps used:
D:1:      ldierk_water_garden, hex_medium
D:2:      lemuel_blue_sif_altar, minivault_26, tgw_xom

Skill      XL: |  1  2  3 |
---------------+----------+-----
Unarmed Combat | 4 |  4.1
Armour         | 1 |  1.0
Fighting       | 3 |  3.1
Dodging        | |  3.7
Stealth        | |  3.0

Action                   || total
-------------------------++-------
Melee: Unarmed           ||   132
       Bite              ||    19
       Punch             ||     1
Throw: Javelin           ||     1
  Use: Scroll            ||     1
 Stab: Sleeping          ||     4
Armor: Ring mail         ||    40
Dodge: Dodged            ||    82
